 Dungeon Crawl Stone Soup version 0.27-a0-385-g3208abaabc (console) character file.

Game seed: 13874842795288458631

281 jejorda2 the Chopper (level 6, 0/56 HPs)
             Began as a Hill Orc Fighter on Feb 18, 2021.
             Succumbed to a worker ant's poison
             ... on level 4 of the Dungeon.
             The game lasted 00:02:40 (1002 turns).

jejorda2 the Chopper (Hill Orc Fighter)             Turns: 1002, Time: 00:02:40

Health: 0/56       AC:  9    Str: 21    XL:     6   Next: 27%
Magic:  6/6        EV:  7    Int:  8    God:
Gold:   22         SH:  9    Dex: 10    Spells: 5/5 levels left

rFire    . . .     SeeInvis .   a - +0 war axe
rCold    . . .     Faith    .   c - +0 kite shield
rNeg     . . .     Spirit   .   b - +0 scale mail
rPois    .         Reflect  .   (no helmet)
rElec    .         Harm     .   g - +0 cloak
rCorr    .         Rampage  .   h - +0 pair of gloves
Will     .....                  (no boots)
Stlth    ..........             (no amulet)
HPRegen  0.18/turn              (no ring)
MPRegen  0.10/turn              (no ring)

@: lethally poisoned (0 -> -13)
A: no striking features
a: no special abilities


You were on level 4 of the Dungeon.
You visited 1 branch of the dungeon, and saw 4 of its levels.

You collected 22 gold pieces.

Inventory:

Hand Weapons
 a - a +0 war axe (weapon)
Missiles
 f - 14 poisoned darts (quivered)
Armour
 b - a +0 scale mail (worn)
 c - a +0 kite shield (worn)
 g - a +0 cloak (worn)
 h - a +0 pair of gloves (worn)


   Skills:
 + Level 5.1 Fighting
 * Level 6.2 Axes
 + Level 4.6 Armour
 - Level 3.2 Shields


You had 5 spell levels left.
You didn't know any spells.
Your spell library was empty.

Dungeon Overview and Level Annotations

Branches:
Dungeon (4/15)
 Temple: D:4-7

Altars:

Portals:
Ossuary: D:4


Message History

You block the slug dart.
The worker ant bites you but does no damage.
Your shield and scale mail prevent you from hitting the worker ant.
The worker ant is severely wounded.
You feel very sick.
The worker ant bites you but does no damage.
You hit the worker ant but do no damage.
The worker ant is severely wounded.
You feel very sick. You block the worker ant's attack.
The worker ant bites you.
You are more poisoned.
The worker ant poisons you!
You slash the worker ant!
You kill the worker ant!
You hit the dart slug.
* * * LOW HITPOINT WARNING * * *
You feel very sick. The dart slug launches a dart at you.
The slug dart hits you.
* * * LOW HITPOINT WARNING * * *
You hit the dart slug.
The dart slug is severely wounded.
* * * LOW HITPOINT WARNING * * *
You feel very sick.
The dart slug bites you but does no damage.
You hit the dart slug.
You kill the dart slug!
* * * LOW HITPOINT WARNING * * *
You feel very sick.
It was a potion of cancellation.
You feel magically purged.
* * * LOW HITPOINT WARNING * * *
You feel sick.
* * * LOW HITPOINT WARNING * * *
You feel sick.
* * * LOW HITPOINT WARNING * * *
You feel sick.
Found a sand-covered staircase.
* * * LOW HITPOINT WARNING * * *
You feel sick.
You die...

.. #.# ... ##.....
#.##. ...
............. .∩..
.......#.#..#.....
.......#.#..#.....
..#.............#
..#......##....###
............@.....#
....................
......8.).....####..
.............##
........†#...##
......##..#.....
#####.....##.####
....##.#.##.>.#
...[...#......#


There were no monsters in sight!

Vanquished Creatures
  Grinder (D:3)
  A centaur zombie (D:4)
  A worker ant (D:4)
  An adder skeleton (D:4)
  A worm (D:2)
  3 dart slugs
  An orc (D:4)
  3 bats
  3 giant cockroaches
  A quokka (D:4)
  2 goblins (D:3)
  3 kobolds (D:1)
  A quokka skeleton (D:4)
  A quokka zombie (D:4)
  A rat (D:1)
24 creatures vanquished.

Notes
Turn   | Place    | Note
-------+----------+-------------------------------------------
     0 | D:1      | jejorda2 the Hill Orc Fighter began the quest for the Orb.
     0 | D:1      | Reached XP level 1. HP: 19/19 MP: 1/1
    30 | D:1      | Reached skill level 3 in Axes
   336 | D:1      | Reached XP level 2. HP: 27/27 MP: 2/2
   697 | D:2      | You fall into a shaft and drop 1 floor!
   715 | D:3      | Noticed Grinder
   722 | D:3      | Paralysed by Grinder for 6 turns
   730 | D:3      | Killed Grinder
   731 | D:3      | Reached skill level 5 in Axes
   731 | D:3      | Reached XP level 3. HP: 13/35 MP: 3/3
   731 | D:3      | Reached XP level 4. HP: 15/41 MP: 4/4
   731 | D:3      | Reached XP level 5. HP: 18/47 MP: 5/5
   980 | D:4      | Reached skill level 5 in Fighting
   980 | D:4      | Reached skill level 6 in Axes
   980 | D:4      | Reached XP level 6. HP: 37/56 MP: 6/6
  1000 | D:4      | Found a sand-covered staircase.
  1000 | D:4      | HP: 2/56 [poisoned by a worker ant]
  1002 | D:4      | Succumbed to a worker ant's poison

Illustrated notes

Levels and vault maps discovered:
D:1:      dpeg_arrival_ratfight, layout_basic, serial_forest,
          infiniplex_forest_lined_corner, infiniplex_forest_clump_small,
          infiniplex_forest_lined_2, infiniplex_forest_fountain,
          infiniplex_forest_lined_corner, infiniplex_forest_lined_room_3,
          infiniplex_forest_lined_4_way
D:2:      layout_loops_ring, nicolae_overflow_hidden_temple,
          minmay_misc_feat_square
D:3:      layout_loops_cross, minmay_misc_feat_alley, uniq_grinder,
          uniq_crazy_yiuf_cottage
D:4:      layout_cave_pools, marbit_many_paths, serial_undead, serial_undead_b,
          serial_undead_e, serial_undead_d, serial_undead_f, enter_ossuary_1,
          uniq_menkaure, uniq_edmund

Skill      XL: |  1  2  3  4  5 |
---------------+----------------+-----
Axes           | 3 5 6 |  6.2
Fighting       | 4 5 |  5.1
Armour         | 4 |  4.6
Shields        | |  3.2

Action                   |  1- 3 |  4- 6 || total
-------------------------+-------+-------++-------
Melee: War axe           |    54 |    28 ||    82
  Use: Potion            |     1 |     1 ||     2
Armor: Scale mail        |    36 |     9 ||    45
Dodge: Dodged            |    19 |     9 ||    28
Block: Kite shield       |    33 |     9 ||    42

Table legend: (Time is in decaauts)
 A = Elapsed time spent in this place.
 B = Non-inter-level travel time spent in this place.
 C = Inter-level travel time spent in this place.
 D = Time resting spent in this place.
 E = Time spent auto-exploring this place.
 F = Levels seen in this place.
 G = Mean time per level.
                   A        B        C        D        E       F      G
               +--------+--------+--------+--------+--------+-----+--------+
         Total |   1044 |   1044 |      0 |    192 |    561 |   4 |  261.0 |
       Dungeon |   1044 |   1044 |      0 |    192 |    561 |   4 |  261.0 |
               +--------+--------+--------+--------+--------+-----+--------+

Top non-repeatable levels by time:
     D:1: 537 daAuts
     D:3: 275 daAuts
     D:2: 184 daAuts
     D:4: 46 daAuts
